 Dungeon Crawl Stone Soup version 0.30.0-19-g36f170ea60 (webtiles) character file.

Game seed: 15545077234941038267

25 booth the Chopper (level 3, -2/31 HPs)
             Began as a Gnoll Reaver on May 28, 2023.
             Slain by an orc
             ... wielding a +2 heavy mace
              (16 damage)
             ... on level 2 of the Dungeon.
             The game lasted 00:05:08 (1198 turns).

booth the Chopper (Gnoll Reaver)                    Turns: 1198, Time: 00:05:08

Health: -2/31      AC:  3    Str: 13    XL:     3   Next: 6%
Magic:  9/9        EV: 12    Int: 12    God:
Gold:   43         SH:  0    Dex: 10    Spells: 9/12 levels left

rFire   . . .        a - +0 hand axe
rCold   . . .        (no shield)
rNeg    + . .        b - +0 leather armour
rPois   .            (no helmet)
rElec   .            (no cloak)
rCorr   .            (no gloves)
SInv    .            (no boots)
Will    .....        d - amulet of magic regeneration
Stlth   +            e - ring of positive energy
HPRegen 0.25/turn    (no ring)
MPRegen 0.51/turn

%: no passive effects
@: no status effects
A: fangs 1, strong nose, distributed training
a: no special abilities


You were on level 2 of the Dungeon.
You visited 1 branch of the dungeon, and saw 2 of its levels.

You collected 43 gold pieces.

Inventory:

Hand Weapons
 a - a +0 hand axe (weapon)
 g - a +0 war axe
Armour
 b - a +0 leather armour (worn)
Jewellery
 d - an amulet of magic regeneration (around neck)
 e - a ring of positive energy (left hand)
 j - a ring of ice
Scrolls
 c - a scroll of enchant armour {unknown}
Potions
 f - a potion of curing
 h - a potion of berserk rage {unknown}
 i - a potion of resistance {unknown}


   Skills:
 + Level 4.5 Fighting
 + Level 0.6 Short Blades
 + Level 0.6 Long Blades
 + Level 6.5 Axes
 + Level 0.6 Maces & Flails
 + Level 0.6 Polearms
 + Level 0.6 Staves
 + Level 0.6 Ranged Weapons
 + Level 0.6 Throwing
 + Level 0.6 Armour
 + Level 4.5 Dodging
 + Level 0.6 Stealth
 + Level 0.6 Shields
 + Level 0.6 Unarmed Combat
 + Level 5.0 Spellcasting
 + Level 5.4 Conjurations
 + Level 0.4 Hexes
 + Level 0.4 Summonings
 + Level 0.4 Necromancy
 + Level 0.4 Translocations
 + Level 0.4 Transmutations
 + Level 0.4 Fire Magic
 + Level 0.4 Ice Magic
 + Level 0.4 Air Magic
 + Level 0.4 Earth Magic
 + Level 0.4 Poison Magic
 + Level 0.8 Invocations
 + Level 0.6 Evocations


You had 9 spell levels left.
You knew the following spells:

 Your Spells              Type           Power      Damage    Failure   Level
a - Kiss of Death         Conj/Necr      40%        2d8       8%          1
b - Momentum Strike       Conj/Tloc      20%        3d8       12%         2

Your spell library contained the following spells:

 Spells                   Type           Power      Damage    Failure   Level
 Hailstorm                Conj/Ice       10%        3d5       22%         3


Dungeon Overview and Level Annotations

Branches:
Dungeon (2/15)

Altars:


Innate Abilities, Weirdness & Mutations

You have very sharp teeth.
Your uncanny sense of smell can sniff out nearby items.
Your experience applies equally to all skills.


Message History

The frilled lizard hisses angrily.
You closely miss the frilled lizard. Your bite misses the frilled lizard.
The frilled lizard bites you but does no damage.
You hit the frilled lizard.
You kill the frilled lizard!
You see here a frilled lizard corpse.
You now have 36 gold pieces (gained 7).
You now have 43 gold pieces (gained 7).
You open the door.
There is an open door here.
Found a fizzy amethyst potion.
i - a fizzy amethyst potion
Found a sapphire ring.
j - a ring of ice A bat comes into view.
You closely miss the bat. The bat hits you but does no damage. x2
The bat hits you but does no damage.
You barely miss the bat. The bat hits you but does no damage.
You slash the bat!
You kill the bat!
You see here a bat corpse.
An orc priest comes into view. It is wielding a +0 mace.
The orc priest calls down the wrath of Beogh upon you.
Beogh smites you!
You barely miss the orc priest. The orc priest misses you.
You hit the orc priest but do no damage.
An orc comes into view.
It is wielding a +2 heavy mace and quivering poisoned darts.
The orc priest barely misses you.
The orc shouts!
You hit the orc priest but do no damage.
You hear a shout!
The orc priest hits you with a +0 mace.
You hit the orc priest but do no damage.
You hit the orc.
The orc is severely wounded.
You closely miss the orc.
The orc is severely wounded.
The orc hits you with a +2 heavy mace!
Ouch! That really hurt!
You die...

..# ###..# .
..... #
..#####...##.#
..'..........
..##......####.
..o....o.......
..#####o#######
#@# #.# #†# #.#
#.# #.# #.# #.#
#.#


You could see an orc priest and an orc.

Vanquished Creatures
  3 bats
  An endoplasm (D:1)
  A giant cockroach (D:1)
  5 goblins (D:1)
  3 hobgoblins
  A ball python (D:1)
  5 frilled lizards
  2 kobolds (D:1)
  3 rats (D:1)
24 creatures vanquished.

Notes
Turn   | Place    | Note
-------+----------+-------------------------------------------
     0 | D:1      | booth the Gnoll Reaver began the quest for the Orb.
     0 | D:1      | Reached XP level 1. HP: 20/20 MP: 6/6
   237 | D:1      | Reached XP level 2. HP: 26/26 MP: 7/7
   241 | D:1      | Learned a level 2 spell: Momentum Strike
  1034 | D:2      | Reached skill level 5 in Spellcasting
  1034 | D:2      | Reached XP level 3. HP: 27/31 MP: 7/9
  1198 | D:2      | Slain by an orc

Illustrated notes

Levels and vault maps discovered:
D:1:      mrwooster_arrival_statue_3, layout_basic, serial_corexii_hall,
          chequers_hall_statues_corner_a, corexii_hall_statues_l,
          wad_floor_pattern_untrapped
D:2:      layout_basic, basic_altar

Skill      XL: |  1  2 |
---------------+-------+-----
Spellcasting   | 5 |  5.0
Fighting       | |  4.5
Short Blades   | |  0.6
Long Blades    | |  0.6
Axes           | |  6.5
Maces & Flails | |  0.6
Polearms       | |  0.6
Staves         | |  0.6
Ranged Weapons | |  0.6
Throwing       | |  0.6
Armour         | |  0.6
Dodging        | |  4.5
Stealth        | |  0.6
Shields        | |  0.6
Unarmed Combat | |  0.6
Conjurations   | |  5.4
Hexes          | |  0.4
Summonings     | |  0.4
Necromancy     | |  0.4
Translocations | |  0.4
Transmutations | |  0.4
Fire Magic     | |  0.4
Ice Magic      | |  0.4
Air Magic      | |  0.4
Earth Magic    | |  0.4
Poison Magic   | |  0.4
Invocations    | |  0.8
Evocations     | |  0.6

Action                     || total
---------------------------++-------
  Melee: Hand axe          ||    86
         Bite              ||     3
    Use: Scroll            ||     2
 Armour: Leather armour    ||    26
  Dodge: Dodged            ||    46
